noty, neutral male human Tourist ---- |..| |..-- --<).| -- |).).-- ....- |.....---- ...... |..*.(...-- ......- ----..))..----- ..........-- - -#..)...)...................| |)........--- ....--- --- -..#-....-- -- |...|#-f.G--- -.--- --..@.| .. ----*--- -- --...| |....--- |......| ---....| |....| --.--- --- noty the Sightseer Experience level: 4 Strength: 13 Dexterity: 10 Constitution: 17 Intelligence: 13 Wisdom: 6 Charisma: 17 Health: 0(39) Energy: 13(13) Def: 10 Gold: 949 Moves: 3525 Dungeon seed: UrNDIrl3qVA-aVmi Game ID: noty_1467835142 Your Inventory: Coins $ - 949 gold pieces Weapons a - 28 +2 darts (in quiver) t - a corroded +2 dart Armor e - an uncursed +0 Hawaiian shirt n - an uncursed +0 orcish helm (being worn) q - an uncursed +0 elven mithril-coat (being worn) r - a blessed +2 pair of iron shoes (being worn) Comestibles b - 3 uncursed food rations f - an uncursed clove of garlic g - an uncursed slime mold Scrolls j - 3 uncursed scrolls of magic mapping m - a blessed scroll of magic mapping Potions i - 2 uncursed potions of extra healing o - an uncursed potion of see invisible Rings y - an uncursed ring of levitation Wands s - a wand of striking (0:2) x - a wand of striking (0:4) Tools k - an uncursed credit card l - an expensive camera (0:39) v - a +0 pick-axe (weapon in hand) Spells and supernatural/magical abilities: Name Level Category Fail Memory W - pray for help -- divine ? -- Your skills at the end: Fighting Skills wands [Basic] Weapon Skills dart [Basic] Spellcasting Skills Final Attributes: You were piously aligned. You are dead. Vanquished creatures: 2 gnome lords a little dog a kitten 2 dwarves a dwarf zombie an acid blob a gas spore a hobbit a giant rat 2 cave spiders a brown mold 2 yellow molds 7 gnomes 7 geckos 4 jackals a fox a kobold 2 goblins a sewer rat 2 grid bugs a bat 5 lichens a kobold zombie 5 newts 53 creatures vanquished. Voluntary challenges: You were an atheist. You used a wielded weapon 11 times, starting on turn 3061. You read items or engraved 27 times, starting on turn 1323. You never genocided any monsters. You never polymorphed an object. You never changed form. You used no wishes. You never split a pudding. You wrote Elbereth's name 27 times, starting on turn 1323. You never violated your personal moral code. Dungeon overview: The Dungeons of Doom: levels 1 to 2 Level 1 a fountain a long staircase Level 2 stairs to The Gnomish Mines The Gnomish Mines: Level 3 <- You were here stairs to The Dungeons of Doom History has recorded: On T:1 you entered the Dungeons of Doom to retrieve the Amulet of Yendor! On T:41 you reached level 2 of The Dungeons of Doom. On T:409 you reached level 1 of The Gnomish Mines. On T:632 you advanced to experience level 2. On T:1277 you advanced to experience level 3. On T:2936 you advanced to experience level 4. Score breakdown: Gold: 203 ( 7856 points) Experience: 4 levels ( 9649 points) Exploration: 3 levels ( 6.12%) ( 6123 points) Discoveries: 2 items ( 0.66%) ( 2445 points) Valuables value: (no points given unless you survive) Artifact value: 0 ( 0 points) Variety of kills: 24 monsters ( 6.27%) ( 7509 points) Turncount: 3525 turns ( -838 points) Survival: died (score multiplied by 80%) Total score: 26195 Latest messages: The kitten misses the gnome lord. You add to the writing in the dust with your fingers. (2x) The gnome lord turns to flee! You miss the gnome lord. The gnome lord swings his bow. The gnome lord misses. The dart hits the gnome lord. The dart hits the gnome lord. The gnome lord swings his bow. The gnome lord hits! You add to the writing in the dust with your fingers. The gnome lord swings his bow. The gnome lord hits! You add to the writing in the dust with your fingers. (2x) The gnome lord swings his bow. The gnome lord misses. You add to the writing in the dust with your fingers. The gnome lord swings his bow. The gnome lord hits! You die... Final status: Aloha noty the Tourist, killed by a gnome lord... You died in The Gnomish Mines on dungeon level 3 with 26195 points, and 949 pieces of gold, after 3525 moves. You were level 4 with a maximum of 39 hit points when you died.